AoeStats
← gnitaek

African Clearing

510613255Analyzed
3v3 RM · 23h ago on Oct 1, 2026· 27m 35s· 6 players
Game mode
Random Map
Map size
Normal (6 player)
Population
200
Speed
Normal
Resources
Standard
Victory
Conquest
Starting age
Dark Age
Ending age
Imperial Age
RankedLock teamsTeams togetherTeam positionsShared explorationLock speedFull tech treeHidden civsTurbo modeCheats
Victory
Defeat
🇦🇷 Dravidians · Argentina
1361
+12
🇦🇷 Malians · Argentina
1325
+14
🇪🇸 Italians · Spain
1241
+16
🇮🇪 Celts · Ireland
1325
-16
🇮🇪 Goths · Ireland
1246
-13
🇮🇪 Wu · Ireland
1245
-13
berserker-latko
7:02 Loom
12:43 Feudal Age
16:58 Castle Age
16:23 Double-Bit Axe
19:41 Horse Collar
20:34 Bow Saw
24:56 Wheelbarrow
25:00 Squires
24:21 Man-at-Arms
25:00 Long Swordsman
25:54 Fletching
26:31 Bodkin Arrow
gnitaek
7:54 Loom
12:36 Feudal Age
13:03 Man-at-Arms
13:36 Double-Bit Axe
15:49 Arson
21:43 Castle Age
24:04 Wheelbarrow
23:44 Scale Mail Armor
23:56 Forging
25:32 Chain Mail Armor
Runtime
3:50 Loom
13:03 Feudal Age
15:00 Double-Bit Axe
20:58 Fletching
26:07 Castle Age
25:06 Padded Archer Armor
26:11 Elite Skirmisher
26:51 Bodkin Arrow
DOCCT | NahueDepino
7:43 Loom
12:24 Feudal Age
13:13 Double-Bit Axe
17:20 Fletching
24:24 Castle Age
22:58 Padded Archer Armor
24:35 Crossbowman
26:06 Bodkin Arrow
DOCCT | SaantiOtaal
10:27 Loom
12:32 Feudal Age
17:03 Castle Age
16:18 Fletching
18:26 Double-Bit Axe
DOCCT | JoaquínP20
14:15 Feudal Age
15:48 Loom
18:05 Castle Age
18:24 Scale Mail Armor
18:59 Town Watch
20:34 Chain Mail Armor
20:26 Squires
27:50 Forging
27:37 Horse Collar
Connection lost

Rejoining the realm…

Still unreachable

The connection could not be restored.

Session expired

The server has moved on; the page needs a fresh start.